 Dungeon Crawl Stone Soup version 0.30-a0-696-g2367cd04db (webtiles) character file.

Game seed: 4300584176857423296

945 wormed the Reanimator (level 7, -8/46 HPs)
             Began as a Demonspawn Necromancer on Jan 20, 2023.
             Mangled by a vampire mosquito (9 damage)
             ... on level 5 of the Dungeon.
             The game lasted 00:07:27 (5230 turns).

wormed the Reanimator (Demonspawn Necromancer)      Turns: 5230, Time: 00:07:28

Health: -8/46      AC:  9    Str:  9    XL:     7   Next: 89%
Magic:  16/16      EV: 11    Int: 18    God:
Gold:   251        SH:  0    Dex: 13    Spells: 10/18 levels left

rFire   . . .      SeeInvis .    p - staff of death
rCold   . . .      Faith    .    (no shield)
rNeg    + . .      Spirit   .    l - +3 leather armour
rPois   .          Reflect  .    (no helmet)
rElec   .          Harm     .    (no cloak)
rCorr   .          Rampage  .    o - +1 pair of gloves
Will    +....                    (no boots)
Stlth   ++                       (no amulet)
HPRegen 0.27/turn                e - ring of willpower
MPRegen 0.15/turn                (no ring)

@: no status effects
A: claws 1, spiny 1, sharp scales 1
a: no special abilities


You were on level 5 of the Dungeon.
You visited 1 branch of the dungeon, and saw 5 of its levels.

You collected 251 gold pieces.

Inventory:

Armour
 l - a +3 leather armour (worn)
 o - a +1 pair of gloves (worn)
Magical Staves
 p - a staff of death (weapon)
Jewellery
 e - a ring of willpower (left hand)
Wands
 h - a wand of polymorph (16)
Scrolls
 a - a scroll of enchant armour
 c - a scroll of teleportation
 k - a scroll of vulnerability
 q - a scroll of identify
Potions
 b - 2 potions of mutation
 d - a potion of cancellation
 g - 2 potions of ambrosia {unknown}
 i - a potion of lignification {unknown}
 j - a potion of invisibility {unknown}
 m - 3 potions of magic
 n - a potion of might {unknown}
 r - 2 potions of curing {unknown}
 s - a potion of flight {unknown}


   Skills:
 + Level 0.8 Staves
 - Level 1.7 Dodging
 - Level 1.7 Stealth
 * Level 6.1 Spellcasting
 * Level 8.3 Necromancy


You had 10 spell levels left.
You knew the following spells:

 Your Spells              Type           Power      Damage    Failure   Level
a - Necrotise             Necr           100%       1d9       1%          1
b - Vampiric Draining     Necr           52%        2d9       1%          3
c - Animate Dead          Necr           52%        N/A       5%          4

Your spell library contained the following spells:

 Spells                   Type           Power      Damage    Failure   Level
 Cigotuvi's Dreadful Rot  Necr/Pois/Air  46%        N/A       9%          2
 Agony                    Necr           52%        N/A       16%         5
 Sandblast                Erth           10%        2d5       17%         1
 Ensorcelled Hibernation  Hex/Ice        10%        N/A       26%         2
 Passwall                 Tmut/Erth      4%         N/A       26%         2
 Poisonous Vapours        Pois/Air       10%        N/A       26%         2
 Static Discharge         Conj/Air       10%        2-3/arc   26%         2
 Dazzling Flash           Conj/Hex       10%        N/A       45%         3
 Mephitic Cloud           Conj/Pois/Air  5%         N/A       45%         3
 Stone Arrow              Conj/Erth      10%        3d7       45%         3
 Swiftness                Air            5%         N/A       45%         3
 Vhi's Electric Charge    Tloc/Air       10%        N/A       45%         3
 Arcjolt                  Conj/Air       2%         1d12      99%         5
 Lightning Bolt           Conj/Air       2%         1d14      99%         5
 Silence                  Hex/Air        2%         N/A       99%         5


Dungeon Overview and Level Annotations

Branches:
Dungeon (5/15)
 Temple: D:4-7

Altars:


Innate Abilities, Weirdness & Mutations

You have sharp fingernails.
You are partially covered in sharp spines.
You are partially covered in razor-sharp scales. (AC +1, Slay +1)


Message History

You miss the vampire mosquito.
The vampire mosquito is heavily damaged.
The vampire mosquito bites you but does no damage.
The vampire mosquito is struck by your spines.
The vampire mosquito bites you.
* * * LOW HITPOINT WARNING * * *
The vampire mosquito draws strength from your injuries!
The vampire mosquito closely misses you.
You closely miss the vampire mosquito.
The vampire mosquito is severely damaged.
The vampire mosquito bites you.
* * * LOW HITPOINT WARNING * * *
The vampire mosquito draws strength from your injuries!
The vampire mosquito bites you but does no damage.
You hit the vampire mosquito.
The vampire mosquito is severely damaged.
The vampire mosquito bites you.
* * * LOW HITPOINT WARNING * * *
The vampire mosquito closely misses you.
Throw: throwing net
Press: ? - help, Q - select action, (/) - cycle Shift-Dir - straight line, f - vampire mosquito
Aim: a vampire mosquito (severely damaged, 38% to hit)
You throw a throwing net.
The throwing net misses the vampire mosquito.
The vampire mosquito bites you.
* * * LOW HITPOINT WARNING * * *
The vampire mosquito draws strength from your injuries!
The vampire mosquito is struck by your spines.
The vampire mosquito bites you.
* * * LOW HITPOINT WARNING * * *
You miss the vampire mosquito.
The vampire mosquito is severely damaged.
The vampire mosquito misses you.
The vampire mosquito bites you but does no damage.
You hit the vampire mosquito.
The vampire mosquito is almost destroyed.
The vampire mosquito misses you.
The vampire mosquito is struck by your spines.
The vampire mosquito bites you!
You die...

##.#.#####.##.##
..####..(...........# ###
.........######.##..###..
#####...# #.##.......
.#####...# ####...)......
...y....†###..........#..
######.#.#.......##(###..
#.#y#.###...##.# ###
######.#@..# #...##.# #
...##.###.###<..##.# #
###.##.# #.......##.# #
#......# ###.######.# #
#......#####.######.#
#...................#
#.......†..########.#
#.....##.#..........#
#########.#.####.#.########.#


You could see a vampire mosquito.

Vanquished Creatures
  A vampire mosquito (D:5)
  A water moccasin (D:4)
  An ogre (D:4)
  A necrophage (D:4)
  3 scorpions
  2 hounds
  A gnoll bouda (D:5)
  4 iguanas
  8 gnolls
  3 adders
  An ufetubus (D:4)
  A worm (D:2)
  7 orcs
  9 ball pythons
  5 endoplasms
  A giant cockroach (D:2)
  6 goblins
  7 hobgoblins
  10 jackals
  3 quokkas
  5 bats
  2 frilled lizards
  8 kobolds
  8 rats
98 creatures vanquished.

Vanquished Creatures (collateral kills)
  A gnoll (D:5)
  A ball python (D:1)
  2 endoplasms
4 creatures vanquished.

Grand Total: 102 creatures vanquished

Notes
Turn   | Place    | Note
-------+----------+-------------------------------------------
     0 | D:1      | wormed the Demonspawn Necromancer began the quest for the
                  | Orb.
     0 | D:1      | Reached XP level 1. HP: 13/13 MP: 3/3
   244 | D:1      | Gained mutation: You are partially covered in sharp spines.
                  | [demonic ancestry]
   244 | D:1      | Reached XP level 2. HP: 19/19 MP: 3/5
   589 | D:1      | Reached skill level 5 in Necromancy
   589 | D:1      | Reached XP level 3. HP: 21/24 MP: 2/7
   593 | D:1      | Learned a level 3 spell: Vampiric Draining
  1895 | D:2      | Reached XP level 4. HP: 30/30 MP: 6/8
  1900 | D:2      | Learned a level 4 spell: Animate Dead
  2753 | D:3      | Found a faded altar of an unknown god.
  3457 | D:4      | Noticed a scorpion
  3461 | D:4      | Killed a scorpion
  3462 | D:4      | Reached skill level 6 in Necromancy
  3462 | D:4      | Gained mutation: You are partially covered in razor-sharp
                  | scales. (AC +1, Slay +1) [demonic ancestry]
  3462 | D:4      | Reached XP level 5. HP: 29/35 MP: 2/10
  3883 | D:4      | Noticed an ogre
  3884 | D:4      | Noticed a water moccasin
  3890 | D:4      | Killed an ogre
  3891 | D:4      | Reached XP level 6. HP: 41/41 MP: 3/12
  3896 | D:4      | Killed a water moccasin
  3897 | D:4      | Reached skill level 7 in Necromancy
  4008 | D:4      | Reached skill level 5 in Spellcasting
  4216 | D:4      | Gained mutation: You have sharp fingernails. [demonic
                  | ancestry]
  4216 | D:4      | Reached XP level 7. HP: 39/46 MP: 14/14
  4667 | D:5      | Entered Level 5 of the Dungeon
  4912 | D:5      | Reached skill level 8 in Necromancy
  5147 | D:5      | Noticed a vampire mosquito
  5155 | D:5      | Killed a vampire mosquito
  5211 | D:5      | Noticed a vampire mosquito
  5228 | D:5      | HP: 2/46 [vampire mosquito (3)]
  5230 | D:5      | Mangled by a vampire mosquito

Illustrated notes

Levels and vault maps discovered:
D:1:      evilmike_arrival_hilbert_curve, layout_basic, nicolae_eternal_life
D:2:      minmay_angry_zag, layout_loops_corners
D:3:      layout_loops_ring, hellmonk_ecumenical_altar_arch_garden,
          dk_noncrumbling_3
D:4:      layout_basic
D:5:      layout_loops_ring, serial_shops, shop

Skill      XL: |  1  2  3  4  5  6  7 |
---------------+----------------------+-----
Necromancy     | 5 6 7 8 |  8.3
Spellcasting   | 3 4 5 6 |  6.1
Staves         | |  0.8
Dodging        | |  1.7
Stealth        | |  1.7

Action                   |  1- 3 |  4- 6 |  7- 9 || total
-------------------------+-------+-------+-------++-------
Melee: Unarmed           |     3 |       |       ||     3
       Punch             |     1 |       |     1 ||     2
       Dagger            |       |    32 |     8 ||    40
       Short sword       |       |     1 |       ||     1
       Staff             |       |       |    23 ||    23
Throw: Throwing net      |       |       |     1 ||     1
 Cast: Necrotise         |    57 |    72 |    14 ||   143
       Vampiric Draining |       |     5 |     8 ||    13
  Use: Potion            |     1 |       |       ||     1
       Scroll            |       |     8 |     1 ||     9
 Stab: Sleeping          |       |       |     1 ||     1
Armor: Robe              |     2 |       |       ||     2
       Leather armour    |       |    15 |    19 ||    34
Dodge: Dodged            |    14 |    39 |    27 ||    80

Table legend: (Time is in decaauts)
 A = Elapsed time spent in this place.
 B = Non-inter-level travel time spent in this place.
 C = Inter-level travel time spent in this place.
 D = Time resting spent in this place.
 E = Time spent auto-exploring this place.
 F = Levels seen in this place.
 G = Mean time per level.
                   A        B        C        D        E       F      G
               +--------+--------+--------+--------+--------+-----+--------+
         Total |   5230 |   4977 |    253 |      0 |   4346 |   5 | 1046.0 |
       Dungeon |   5230 |   4977 |    253 |      0 |   4346 |   5 | 1046.0 |
               +--------+--------+--------+--------+--------+-----+--------+

Top non-repeatable levels by time:
     D:4: 1254 daAuts
     D:1: 1209 daAuts
     D:2: 1112 daAuts
     D:3: 1087 daAuts
     D:5: 566 daAuts
